 Dungeon Crawl Stone Soup version 0.30-a0-1161-g0704695555 (webtiles) character file.

Game seed: 12615091994653824240

3898 retardedninja the Magician (level 10, -47/74 HPs)
             Began as a Gnoll Fire Elementalist on Apr 27, 2023.
             Was a Believer of Cheibriados.
             Annihilated by a titanic slime creature (62 damage)
             ... on level 7 of the Dungeon.
             The game lasted 00:13:19 (9730 turns).

retardedninja the Magician (GnFE)                   Turns: 9730, Time: 00:13:19

Health: -47/74     AC: 10    Str: 13    XL:     10   Next: 20%
Magic:  15/21      EV: 21    Int: 24    God:    Cheibriados [**....]
Gold:   359        SH:  0    Dex: 17    Spells: 13/23 levels left

rFire   . . .        c - +0 bardiche
rCold   . . .        (shield currently unavailable)
rNeg    . . .        a - +1 robe
rPois   +            (no helmet)
rElec   .            H - +1 cloak {rPois}
rCorr   .            k - +0 pair of gloves
SInv    .            (no boots)
Will    .....        m - amulet of regeneration
Stlth   ++++         q - +5 ring of evasion
HPRegen 1.12/turn    t - +4 ring of protection
MPRegen 0.17/turn

%: no passive effects
@: about to teleport, very slow
A: fangs 1, strong nose, distributed training
a: Renounce Religion, Bend Time


You were on level 7 of the Dungeon.
You worshipped Cheibriados.
Cheibriados was pleased with you.
You visited 2 branches of the dungeon, and saw 8 of its levels.

You collected 359 gold pieces.

Inventory:

Hand Weapons
 c - a +0 bardiche (weapon)
Armour
 a - a +1 robe (worn)
 k - a +0 pair of gloves (worn)
 H - a +1 cloak of poison resistance (worn)
Jewellery
 m - an amulet of regeneration (around neck)
 q - a +5 ring of evasion (left hand)
 t - a +4 ring of protection (right hand)
 x - a ring of see invisible
Wands
 s - a wand of mindburst (8)
 A - a wand of roots (1)
 B - a wand of polymorph (1)
Scrolls
 j - a scroll of brand weapon {unknown}
 n - 2 scrolls of immolation
 p - a scroll of magic mapping {unknown}
 r - a scroll of vulnerability
 u - a scroll of noise
 v - a scroll of poison {unknown}
 y - 3 scrolls of amnesia
 C - a scroll of torment {unknown}
 F - a scroll of fear {unknown}
Potions
 d - 2 potions of berserk rage
 f - 7 potions of heal wounds
 g - a potion of mutation
 h - a potion of cancellation
 i - a potion of attraction
 l - 2 potions of might
 o - a potion of haste {unknown}
 w - 4 potions of lignification
 z - a potion of ambrosia
 D - a potion of curing


   Skills:
 + Level 5.2 Fighting
 + Level 5.2 Short Blades
 + Level 5.2 Long Blades
 + Level 5.2 Axes
 + Level 5.2 Maces & Flails
 + Level 5.2 Polearms
 + Level 5.2 Staves
 + Level 5.2 Ranged Weapons
 + Level 5.2 Throwing
 + Level 5.2 Armour
 + Level 7.0 Dodging
 + Level 6.8 Stealth
 + Level 5.2 Shields
 + Level 5.2 Unarmed Combat
 + Level 7.3 Spellcasting
 + Level 4.9 Conjurations
 + Level 4.3 Hexes
 + Level 4.3 Summonings
 + Level 4.3 Necromancy
 + Level 4.3 Translocations
 + Level 4.3 Transmutations
 + Level 7.0 Fire Magic
 + Level 4.3 Ice Magic
 + Level 4.3 Air Magic
 + Level 4.3 Earth Magic
 + Level 4.3 Poison Magic
 + Level 5.7 Invocations
 + Level 5.2 Evocations


You had 13 spell levels left.
You knew the following spells:

 Your Spells              Type           Power      Damage    Failure   Level
a - Foxfire               Conj/Fire      100%       2x1d9     1%          1
b - Scorch                Fire           84%        2d8       1%          2
c - Flame Wave            Conj/Fire      37%        2d10      6%          4
d - Inner Flame           Hex/Fire       36%        N/A       1%          3

Your spell library contained the following spells:

 Spells                   Type           Power      Damage    Failure   Level
 Apportation              Tloc           58%        N/A       1%          1
 Magic Dart               Conj           100%       1d8       1%          1
 Necrotise                Necr           100%       1d9       1%          1
 Summon Small Mammal      Summ           100%       N/A       1%          1
 Call Imp                 Summ           58%        N/A       1%          2
 Sublimation of Blood     Necr           29%        N/A       1%          2
 Volatile Blastmotes      Fire/Tloc      72%        2d16      1%          3
 Dazzling Flash           Conj/Hex       62%        N/A       3%          3
 Mephitic Cloud           Conj/Pois/Air  30%        N/A       3%          3
 Iskenderun's Mystic Bla  Conj/Tloc      31%        2d8       11%         4
 Petrify                  Tmut/Erth      29%        N/A       12%         4
 Irradiate                Conj/Tmut      15%        3d16      28%         5
 Starburst                Conj/Fire      18%        6d7       65%         6
 Simulacrum               Ice/Necr       14%        N/A       87%         6
 Ozocubu's Refrigeration  Ice            14%        4d10      100%        7
 Polar Vortex             Ice            14%        N/A       100%        9


Dungeon Overview and Level Annotations

Branches:
Dungeon (7/15)             Temple (1/1) D:4

Altars:
Ashenzari
Cheibriados
Dithmenos
Elyvilon
Fedhas
Gozag
Hepliaklqana
Kikubaaqudgha
Makhleb
Nemelex Xobeh
Okawaru
Qazlal
Ru
Sif Muna
Uskayaw
Vehumet
Wu Jian
Xom
Yredelemnul
Zin
The Shining One

Shops:
D:4 *


Innate Abilities, Weirdness & Mutations

You have very sharp teeth.
Your uncanny sense of smell can sniff out nearby items.
Your experience applies equally to all skills.


Message History

The steam dragon is severely wounded. (Press . to intensify the flame waves.)
You are engulfed in a cloud of scalding steam.
Two slime creatures merge to form a large slime creature.
The slime creature is engulfed in a cloud of scalding steam.
Two slime creatures merge to form a very large slime creature.
A wave of flame ripples out!
The flame wave engulfs the very large slime creature!
The very large slime creature is lightly wounded.
The flame wave engulfs the steam dragon!
You kill the steam dragon!
Cheibriados appreciates the change of pace.
The steam dragon scales are intact enough to wear.
The slime creature is engulfed in a cloud of scalding steam.
Unknown command.
A wave of flame ripples out!
The flame wave engulfs the very large slime creature!
The very large slime creature is moderately wounded.
The flame wave engulfs the slime creature!
The slime creature is moderately wounded.
The flame wave engulfs the large slime creature!
The large slime creature is lightly wounded.
You finish channelling waves of flame.
A very large slime creature splits.
The large slime creature barely misses you.
Two slime creatures merge to form a very large slime creature.
A large slime creature splits.
The slime creature hits you!
Unknown command.
Two slime creatures merge to form an enormous slime creature.
Two slime creatures merge to form a titanic slime creature.
The slime creature hits you.
Unknown command.
The titanic slime creature completely misses you.
The slime creature hits you!
As you read the scroll of teleportation, it crumbles to dust.
You feel strangely unstable. The titanic slime creature hits you!!
* * * LOW HITPOINT WARNING * * *
The slime creature completely misses you.
The slime creature misses you. The titanic slime creature hits you!!!
Ouch! That really hurt!
You die...

.#..# #.....)...#
###.# #...).)...#
###.##
#..##).#.....#
#_...##...
##<.##.#####
#...._#. #.)## .#
#_...## ###.####.#
###.######...# #..
###.#...#..### #.#
.#..#.....######@##
...##.#.........JJ#
#.###.###########)#
#_##..# .[).
###..## #..).#
#...## #....# #.###
#....# #.# ∆ ....##
#.# #...#


You could see a titanic slime creature and a slime creature.

Vanquished Creatures
  Pikel (D:4)
  A troll (D:6)
  Grinder (D:3)
  A wyvern (D:4)
  A steam dragon (D:7)
  2 water moccasins
  2 orc warriors
  3 black bears
  2 centaurs (D:7)
  4 ogres
  A lemure (D:4)
  2 phantoms
  A kobold brigand (D:7)
  3 scorpions
  5 killer bees (D:7)
  3 gnoll boudas
  3 hounds
  4 jellies
  6 iguanas
  A sleepcap (D:5)
  Ijyb (D:3)
  Terence (D:3)
  2 orc wizards (D:4)
  12 gnolls
  11 adders
  A shadow imp (D:5)
  A white imp (D:7)
  3 worms
  5 dart slugs
  20 orcs
  8 ball pythons
  7 endoplasms
  3 giant cockroaches
  14 goblins
  10 hobgoblins
  7 jackals
  3 quokkas
  5 bats
  3 frilled lizards
  17 kobolds
  3 rats
184 creatures vanquished.

Vanquished Creatures (collateral kills)
  A foxfire (D:2)
1 creature vanquished.

Vanquished Creatures (others)
  594 foxfires
  8 plants (D:2)
602 creatures vanquished.

Grand Total: 787 creatures vanquished

Notes
Turn   | Place    | Note
-------+----------+-------------------------------------------
     0 | D:1      | retardedninja the Gnoll Fire Elementalist began the quest
                  | for the Orb.
     0 | D:1      | Reached XP level 1. HP: 13/13 MP: 6/6
     2 | D:1      | Noticed a gargoyle
     2 | D:1      | Noticed a spriggan
     4 | D:1      | Noticed a draconian
     4 | D:1      | Noticed an octopode
     6 | D:1      | Noticed a felid
     6 | D:1      | Noticed a minotaur
     8 | D:1      | Noticed a vampire
     8 | D:1      | Noticed a tengu
    10 | D:1      | Noticed an ogre
    10 | D:1      | Noticed a human
    12 | D:1      | Noticed a meteoran
    12 | D:1      | Noticed a troll
    14 | D:1      | Noticed a merfolk
    16 | D:1      | Noticed a formicid
    16 | D:1      | Noticed a naga
    18 | D:1      | Noticed a vine stalker
    20 | D:1      | Noticed an armataur
    22 | D:1      | Noticed a ghoul
    22 | D:1      | Noticed an elf
    24 | D:1      | Noticed a meteoran
    24 | D:1      | Noticed a demigod
   118 | D:1      | Reached XP level 2. HP: 19/19 MP: 5/7
   294 | D:1      | Learned a level 2 spell: Scorch
   529 | D:1      | Reached skill level 5 in Spellcasting
   529 | D:1      | Reached XP level 3. HP: 25/25 MP: 3/9
   889 | D:1      | Found a faded altar of an unknown god.
  1099 | D:1      | Reached skill level 1 in Invocations
  1565 | D:2      | Reached skill level 1 in Fighting
  1565 | D:2      | Reached skill level 1 in Short Blades
  1565 | D:2      | Reached skill level 1 in Long Blades
  1565 | D:2      | Reached skill level 1 in Axes
  1565 | D:2      | Reached skill level 1 in Maces & Flails
  1565 | D:2      | Reached skill level 1 in Polearms
  1565 | D:2      | Reached skill level 1 in Staves
  1565 | D:2      | Reached skill level 1 in Ranged Weapons
  1565 | D:2      | Reached skill level 1 in Throwing
  1565 | D:2      | Reached skill level 1 in Armour
  1565 | D:2      | Reached skill level 1 in Shields
  1565 | D:2      | Reached skill level 1 in Unarmed Combat
  1565 | D:2      | Reached skill level 1 in Evocations
  1729 | D:2      | Reached XP level 4. HP: 32/32 MP: 3/11
  1935 | D:2      | Reached skill level 1 in Hexes
  1935 | D:2      | Reached skill level 1 in Summonings
  1935 | D:2      | Reached skill level 1 in Necromancy
  1935 | D:2      | Reached skill level 1 in Translocations
  1935 | D:2      | Reached skill level 1 in Transmutations
  1935 | D:2      | Reached skill level 1 in Ice Magic
  1935 | D:2      | Reached skill level 1 in Air Magic
  1935 | D:2      | Reached skill level 1 in Earth Magic
  1935 | D:2      | Reached skill level 1 in Poison Magic
  2749 | D:3      | Noticed a scorpion
  2758 | D:3      | Killed a scorpion
  2759 | D:3      | Reached XP level 5. HP: 37/37 MP: 6/12
  2872 | D:3      | Noticed Grinder
  2878 | D:3      | Paralysed by Grinder for 5 turns
  2884 | D:3      | Paralysed by Grinder for 3 turns
  2889 | D:3      | Killed Grinder
  2890 | D:3      | Reached skill level 5 in Dodging
  2890 | D:3      | Reached XP level 6. HP: 44/44 MP: 5/14
  3125 | D:3      | You fall into a shaft and drop 2 floors!
  3125 | D:5      | Entered Level 5 of the Dungeon
  3201 | D:4      | Noticed a black bear
  3209 | D:4      | Killed a black bear
  3210 | D:4      | Reached XP level 7. HP: 51/51 MP: 8/15
  3318 | D:3      | Found a shadowy altar of Dithmenos.
  3552 | D:4      | Found Adeas's Overcharged Wands.
  3568 | D:4      | Reached skill level 5 in Stealth
  4005 | D:4      | Noticed a wyvern
  4379 | D:4      | Killed a wyvern
  4380 | D:4      | Reached XP level 8. HP: 58/58 MP: 7/16
  4585 | D:4      | Noticed Pikel
  4614 | D:4      | Killed Pikel
  5070 | D:3      | Noticed Terence
  5079 | D:3      | Killed Terence
  5130 | D:3      | Noticed Ijyb
  5141 | D:3      | Killed Ijyb
  6224 | D:4      | Found an iron altar of Okawaru.
  6228 | D:4      | Reached XP level 9. HP: 57/65 MP: 12/18
  6281 | D:4      | Found a staircase to the Ecumenical Temple.
  6297 | Temple   | Entered the Ecumenical Temple
  6373 | Temple   | Became a worshipper of Cheibriados the Contemplative
  7297 | D:5      | Found a broken altar of Ashenzari.
  7910 | D:6      | Noticed a troll
  7919 | D:6      | Killed a troll
  8011 | D:6      | Reached * piety under Cheibriados
  8078 | D:6      | Reached skill level 5 in Invocations
  8160 | D:6      | Learned a level 4 spell: Flame Wave
  8164 | D:6      | Learned a level 3 spell: Inner Flame
  8381 | D:6      | Found a burning altar of Makhleb.
  9088 | D:7      | Reached ** piety under Cheibriados
  9103 | D:7      | Reached skill level 5 in Fighting
  9103 | D:7      | Reached skill level 5 in Short Blades
  9103 | D:7      | Reached skill level 5 in Long Blades
  9103 | D:7      | Reached skill level 5 in Axes
  9103 | D:7      | Reached skill level 5 in Maces & Flails
  9103 | D:7      | Reached skill level 5 in Polearms
  9103 | D:7      | Reached skill level 5 in Staves
  9103 | D:7      | Reached skill level 5 in Ranged Weapons
  9103 | D:7      | Reached skill level 5 in Throwing
  9103 | D:7      | Reached skill level 5 in Armour
  9103 | D:7      | Reached skill level 5 in Shields
  9103 | D:7      | Reached skill level 5 in Unarmed Combat
  9103 | D:7      | Reached skill level 5 in Evocations
  9103 | D:7      | Reached XP level 10. HP: 52/74 MP: 9/20
  9658 | D:7      | Found a radiant altar of Vehumet.
  9658 | D:7      | Found a faded altar of an unknown god.
  9666 | D:7      | Found a hazy altar of Hepliaklqana.
  9668 | D:7      | Found a shimmering altar of Xom.
  9670 | D:7      | Found a faded altar of an unknown god.
  9730 | D:7      | Annihilated by a titanic slime creature

Illustrated notes

Levels and vault maps discovered:
D:1:      kb_arrival_jail, layout_basic, shapermc_ecumenical_altar_ellora,
          minmay_misc_feat_five
D:2:      layout_basic, serial_forest, infiniplex_forest_straight_4,
          infiniplex_forest_end_1, infiniplex_forest_corner_2,
          infiniplex_forest_clump_long, infiniplex_forest_lined_room_,
          infiniplex_forest_clump_medium, infiniplex_forest_end_3
D:3:      layout_loops_ring, nicolae_overflow_hidden_temple, uniq_grinder,
          uniq_ijyb, uniq_terence
D:4:      minmay_clustersquares, layout_loops_ring, okawaru_ov_weapons_minmay,
          minmay_temple_entry_offerings, nicolae_shop_overcharged_wands,
          uniq_pikel
D:5:      layout_loops_ring, nicolae_overflow_crystal_walls, chequers_garden
D:6:      layout_basic, marbit_many_paths
D:7:      minmay_recursive_quarters, layout_rooms,
          chequers_temple_overflow_minitemple
Temple:   eino_temple_lava

Skill      XL: |  1  2  3  4  5  6  7  8  9 10 |
---------------+-------------------------------+-----
Conjurations   | 2 3 4 |  4.9
Spellcasting   | 5 6 7 |  7.3
Invocations    | 1 2 3 4 5 |  5.7
Fighting       | 1 2 3 5 |  5.2
Short Blades   | 1 2 3 5 |  5.2
Long Blades    | 1 2 3 5 |  5.2
Axes           | 1 2 3 5 |  5.2
Maces & Flails | 1 2 3 5 |  5.2
Polearms       | 1 2 3 5 |  5.2
Staves         | 1 2 3 5 |  5.2
Ranged Weapons | 1 2 3 5 |  5.2
Throwing       | 1 2 3 5 |  5.2
Armour         | 1 2 3 5 |  5.2
Shields        | 1 2 3 5 |  5.2
Unarmed Combat | 1 2 3 5 |  5.2
Evocations     | 1 2 3 5 |  5.2
Hexes          | 1 2 3 4 |  4.3
Summonings     | 1 2 3 4 |  4.3
Necromancy     | 1 2 3 4 |  4.3
Translocations | 1 2 3 4 |  4.3
Transmutations | 1 2 3 4 |  4.3
Ice Magic      | 1 2 3 4 |  4.3
Air Magic      | 1 2 3 4 |  4.3
Earth Magic    | 1 2 3 4 |  4.3
Poison Magic   | 1 2 3 4 |  4.3
Dodging        | 5 6 7 |  7.0
Stealth        | 5 6 |  6.8
Fire Magic     | 6 7 |  7.0

Action                     |  1- 3 |  4- 6 |  7- 9 | 10-12 || total
---------------------------+-------+-------+-------+-------++-------
  Melee: Unarmed           |     2 |       |       |       ||     2
         Bardiche          |       |    13 |    25 |       ||    38
         Bite              |       |     1 |     2 |       ||     3
   Cast: Foxfire           |   100 |    71 |   204 |    19 ||   394
         Scorch            |     1 |     9 |    44 |       ||    54
         Flame Wave        |       |       |     7 |     4 ||    11
  Evoke: Wand              |       |       |    15 |     4 ||    19
    Use: Scroll            |     2 |       |    16 |     1 ||    19
         Potion            |       |       |     1 |       ||     1
 Armour: Robe              |     2 |     7 |    28 |     9 ||    46
  Dodge: Dodged            |    20 |    22 |   176 |    23 ||   241

Table legend: (Time is in decaauts)
 A = Elapsed time spent in this place.
 B = Non-inter-level travel time spent in this place.
 C = Inter-level travel time spent in this place.
 D = Time resting spent in this place.
 E = Time spent auto-exploring this place.
 F = Levels seen in this place.
 G = Mean time per level.
                   A        B        C        D        E       F      G
               +--------+--------+--------+--------+--------+-----+--------+
         Total |  10310 |  10098 |    212 |   1907 |   6582 |   8 | 1288.8 |
       Dungeon |  10222 |  10020 |    202 |   1907 |   6533 |   7 | 1460.3 |
        Temple |     88 |     78 |     10 |      0 |     49 |   1 |   88.0 |
               +--------+--------+--------+--------+--------+-----+--------+

Top non-repeatable levels by time:
     D:4: 2667 daAuts
     D:1: 1491 daAuts
     D:6: 1432 daAuts
     D:5: 1271 daAuts
     D:3: 1226 daAuts
     D:2: 1221 daAuts
     D:7: 912 daAuts
  Temple: 88 daAuts
